 Dungeon Crawl Stone Soup version 0.22-a0-240-g539252a (webtiles) character file.

43843 mortelune the Frost Mage (level 13, -3/101 HPs)
             Began as a Demonspawn Ice Elementalist on Feb 21, 2018.
             Was a High Priest of Ashenzari.
             Slain by a rakshasa (illusionary)
             ... wielding a +0 trident
              (5 damage)
             ... on level 3 of the Abyss.
             The game lasted 01:34:35 (33759 turns).

mortelune the Frost Mage (DsIE)                    Turns: 33759, Time: 01:34:36

Health: -3/101     AC: 19    Str:  9    XL:     13   Next: 93%
Magic:  5/36       EV: 17    Int: 25    God:    Ashenzari [*****.]
Gold:   1321       SH:  5    Dex: 14    Spells: 13/32 levels left

rFire    . . .     SeeInvis +   W - +7 scimitar "Ogre's Undoing" {slice, Int+4} (curse)
rCold    . . .     Gourm    .   V - +0 buckler (curse)
rNeg     + . .     Faith    .   M - +0 troll leather armour (curse)
rPois    .         Spirit   .   (helmet restricted)
rElec    .         Reflect  .   B - +0 cloak (curse)
rCorr    .         Harm     .   Q - +0 pair of gloves (curse)
MR       .....     Clarity  +   e - +1 pair of boots (curse)
Stlth    +++.......             m - amulet of magic regeneration (curse)
HPRegen  0.66/turn              n - ring of positive energy (curse)
MPRegen  0.50/turn              D - ring of magical power

@: icy armour, drained, slow
A: horns 2, icy blue scales 1, foul stench 2, nightstalker 1, rot immunity
a: Curse Item, Scrying, Transfer Knowledge, Renounce Religion


You were on level 3 of the Abyss.
You worshipped Ashenzari.
Ashenzari was extremely pleased with you.
You were not hungry.

You visited 2 branches of the dungeon, and saw 21 of its levels.
You visited the Abyss 1 time.

You collected 1321 gold pieces.

Inventory:

Hand Weapons
 W - the cursed +7 scimitar "Ogre's Undoing" (weapon) {slice, Int+4}
   (You found it on level 13 of the Dungeon)

   It inflicts extra damage upon your enemies.
   It affects your intelligence (+4).
   It has a curse placed upon it.
Armour
 e - a cursed +1 pair of boots (worn)
 y - a +3 leather armour of fire resistance
 B - a cursed +0 cloak (worn)
 M - a cursed +0 troll leather armour (worn)
 Q - a cursed +0 pair of gloves (worn)
 V - a cursed +0 buckler (worn)
Jewellery
 c - an uncursed ring of fire
 d - an uncursed ring of resist corrosion
 m - a cursed amulet of magic regeneration (around neck)
 n - a cursed ring of positive energy (left hand)
 D - a ring of magical power (right hand)
 J - an uncursed ring of fire
 K - a +4 ring of intelligence
 Z - an uncursed ring of protection from magic
Wands
 H - a wand of acid (9)
 I - a wand of iceblast (18)
 P - a wand of flame (72)
 R - a wand of polymorph (12)
Scrolls
 f - a scroll of silence {unknown}
 g - 5 scrolls of enchant weapon
 i - 5 scrolls of amnesia
 k - 3 scrolls of teleportation
 o - 4 scrolls of enchant armour
 q - 2 scrolls of magic mapping
 u - a scroll of holy word
 E - 2 scrolls of fog
 F - a scroll of vulnerability {unknown}
 L - 6 scrolls of remove curse
 N - a scroll of blinking {unknown}
 O - 2 scrolls of noise
 S - 2 scrolls of immolation
 Y - a scroll of fear {unknown}
Potions
 a - 2 potions of degeneration
 j - a potion of lignification
 l - 2 potions of mutation
 p - 5 potions of resistance
 r - 4 potions of curing
 t - 3 potions of cancellation
 v - 5 potions of berserk rage
 w - 4 potions of agility
 A - 3 potions of might
 G - a potion of brilliance
 U - 2 potions of flight
 X - 2 potions of haste
Miscellaneous
 T - a crystal ball of energy
Comestibles
 b - 16 rations


   Skills:
 + Level 9.0(8.9) Fighting
 + Level 2.2(5.2) Long Blades
 + Level 2.4(2.3) Armour
 + Level 7.5(10.1) Dodging
 - Level 1.7(3.5) Stealth
 - Level 2.2(4.2) Shields
 + Level 10.3(10.2) Spellcasting
 + Level 10.9(13.2) Conjurations
 - Level 3.3(5.6) Summonings
 + Level 12.0(14.2) Ice Magic
 - Level 4.4(6.9) Poison Magic
 + Level 1.3(3.0) Evocations


You had 13 spell levels left.
You knew the following spells:

 Your Spells              Type           Power        Failure   Level  Hunger
a - Freeze                Ice            ####         1%          1    None
b - Throw Frost           Conj/Ice       ######       1%          2    None
c - Ozocubu's Armour      Chrm/Ice       #####...     1%          3    None
d - Summon Ice Beast      Ice/Summ       ######..     1%          4    None
e - Throw Icicle          Conj/Ice       ######..     1%          4    None
z - Venom Bolt            Conj/Pois      ######....   2%          5    ####...


Dungeon Overview and Level Annotations

Branches:
Dungeon (15/15)            Temple (0/1) D:4            Lair (6/6) D:9
  Swamp (0/4) Lair:2        Snake (0/4) Lair:3        Slime (0/5) Lair:6
    Orc (0/2) D:11         Vaults (0/5) D:13
 Depths: D:15

Altars:
Ashenzari
Cheibriados
Dithmenos
Elyvilon
Fedhas
Hepliaklqana
Makhleb
Nemelex Xobeh
Trog
Yredelemnul
Jiyva

Annotations:
D:15 Louise
Lair:5 truc derriere arbres


Innate Abilities, Weirdness & Mutations

You have a pair of horns on your head.
You are partially covered in icy blue scales. (AC +2)
You frequently emit foul miasma when damaged in melee.
You are slightly more attuned to the shadows.
You are immune to rotting.


Message History

The shard of ice hits the large abomination.
The large abomination is lightly damaged.
Your ice beast hits the large abomination but does no damage.
Your ice beast hits the rakshasa but does no damage.
Your ice beast misses the rakshasa.
The rakshasa closely misses you. The rakshasa hits you with a trident!
* * * LOW HITPOINT WARNING * * *
You emit a cloud of foul miasma!
You feel better.
Your ice beast hits the large abomination but does no damage.
The large abomination hits you!!
* * * LOW HITPOINT WARNING * * *
Your ice beast hits the rakshasa.
Your ice beast freezes the rakshasa!
Your ice beast hits the rakshasa but does no damage.
The large abomination barely misses you.
The rakshasa hits you from afar with a trident!
* * * LOW HITPOINT WARNING * * *
The rakshasa hits you but does no damage.
The rakshasa hits you with a trident.
You die...

,,,, , , ,,,,, ,,
,,,,,, , ,, , , *,,
,,*,, ,* ,, ,*,,,, ,
* ** , **
...###...###.,, *
,,, * , ,,
....#.....#.. , , ..
, ,............. ,,,
, ,..
,,............. ,,,
,, ,,,,..,,,
.............,, ,, *
*,#.# #..XXY....#
***,* , , ##,*.#
#...@R..# * ,,, *
,*.**#,#* #....YR.#,
* * , #,#.
###....YR.#, * , , ,
.###....'.......#,*,
, * ** ,
..*#..###.#.....# ,
** ,*
..##......)#.##.#
**,,* ,* , ..
#,####.##.#*... ,* *
** ,
,.,.#.#.(#.##.#* ...
* * , ,,#.#
...#,##.#*,,.. *
**,,, *


You could see 3 rakshasas, 2 large abominations and 3 friendly ice beasts.

Vanquished Creatures
  Nessos (D:12)
  An eidolon (Abyss:3)
  3 hydras
  A vault guard (D:13)
  An anaconda (Lair:6)
  2 two-headed ogres (D:11)
  A tengu warrior (D:13)
  3 skeletal warriors (D:13)
  An unseen horror (D:11)
  A wizard (D:14)
  A lindwurm (Lair:6)
  5 ugly things
  A cyclops (D:15)
  9 elephants
  4 black mambas
  7 spiny frogs
  A centaur skeleton (D:13)
  A gargoyle (D:11)
  A rime drake (Lair:1)
  6 komodo dragons
  2 polar bears (Lair:4)
  4 trolls
  6 hippogriffs
  Prince Ribbit (D:5)
  A dream sheep (Lair:5)
  A slime creature (D:12)
  A spriggan (D:9)
  7 wraiths
  17 yaks
  A water elemental (D:12)
  A steam dragon (D:13)
  4 nagas (Lair:3)
  An acid dragon (D:12)
  A soldier ant (D:13)
  6 porcupines
  8 water moccasins
  2 ice beasts
  4 sky beasts
  3 orc warriors (D:14)
  An eye of draining (D:6)
  A hornet zombie (D:14)
  3 phantoms
  5 wolves
  2 necrophages
  3 ogres
  8 crocodiles
  22 centaurs
  2 big kobolds
  12 bullfrogs
  A wyvern skeleton (D:13)
  4 scorpions
  7 killer bees
  8 wights
  2 howler monkeys
  4 electric eels
  3 crimson imps
  4 bullfrog zombies
  A centaur zombie (D:8)
  8 hounds
  2 jellies
  3 orc priests
  12 orc wizards
  2 iguanas
  Natasha (thrice) (D:2)
  7 worker ants
  6 ogre zombies (D:11)
  A hound zombie (D:9)
  2 hound skeletons
  A worker ant zombie (D:5)
  A mummy (D:9)
  15 adders
  2 shadow imps
  An ooze (D:3)
  An adder skeleton (D:4)
  An adder zombie (D:7)
  3 worms (D:2)
  4 leopard geckos
  43 orcs
  6 giant cockroaches
  10 goblins
  8 hobgoblins
  5 jackals
  5 quokkas
  A ball python (D:5)
  9 bats
  A frilled lizard (D:1)
  2 gnoll zombies (D:9)
  3 goblin zombies (D:11)
  2 hobgoblin skeletons (D:11)
  A hobgoblin zombie (D:11)
  A jackal skeleton (D:4)
  21 kobolds
  An orc skeleton (D:11)
  11 orc zombies (D:11)
  A quokka skeleton (D:5)
  12 rats
  A plant (Lair:6)
434 creatures vanquished.

Vanquished Creatures (collateral kills)
  Josephine (D:13)
  A two-headed ogre (D:7)
  A death knight (D:13)
  A death yak (Lair:2)
  A skeletal warrior (D:13)
  The ghost of RoseArtemis the Cleaver, a novice MiFi of Dithmenos (D:6)
  2 slime creatures (D:12)
  3 elephants
  A gargoyle (D:14)
  2 spiny frogs
  7 dream sheep (Lair:2)
  14 yaks
  Eustachio (D:4)
  4 basilisks
  Menkaure (D:7)
  A warg (Lair:2)
  2 porcupines
  3 water moccasins
  An orc warrior (D:7)
  2 phantoms
  An eye of draining (D:11)
  2 wolves (Lair:2)
  A crocodile (Lair:3)
  2 bullfrogs
  A scorpion (D:11)
  A killer bee (D:11)
  11 wights
  A quasit (Abyss:3)
  Crazy Yiuf (D:3)
  2 iguanas
  An orc wizard (D:9)
  A shadow imp (D:6)
  4 orcs
  A plant (Lair:1)
80 creatures vanquished.

Vanquished Creatures (others)
  A wyvern (D:15)
  7 fungi
  9 plants
  3 starspawn tentacles (Abyss:3)
20 creatures vanquished.

Grand Total: 534 creatures vanquished

Notes
Turn   | Place    | Note
-------+----------+-------------------------------------------
     0 | D:1      | mortelune the Demonspawn Ice Elementalist began the quest for the Orb.
     0 | D:1      | Reached XP level 1. HP: 13/13 MP: 3/3
   310 | D:1      | Reached skill level 3 in Ice Magic
   310 | D:1      | Gained mutation: You have a pair of small horns on your head. [demonic ancestry]
   310 | D:1      | Reached XP level 2. HP: 19/19 MP: 1/5
   403 | D:1      | Learned a level 2 spell: Throw Frost
  1167 | D:1      | Gained mutation: You are partially covered in icy blue scales. (AC +2) [demonic ancestry]
  1167 | D:1      | Reached XP level 3. HP: 23/24 MP: 2/6
  1606 | D:1      | Learned a level 3 spell: Ozocubu's Armour
  1721 | D:2      | Found a bloodstained altar of Trog.
  1851 | D:2      | Found a shattered altar of Ashenzari.
  1870 | D:2      | Became a worshipper of Ashenzari the Shackled
  1924 | D:2      | Noticed Natasha
  1940 | D:2      | Killed Natasha
  1940 | D:2      | Gained mutation: You have a pair of horns on your head. [demonic ancestry]
  1940 | D:2      | Reached XP level 4. HP: 12/30 MP: 0/7
  2109 | D:2      | Noticed Natasha
  2119 | D:2      | Killed Natasha
  2247 | D:2      | Reached skill level 4 in Ice Magic
  2554 | D:2      | Noticed Natasha
  2592 | D:2      | Killed Natasha
  2592 | D:2      | Reached XP level 5. HP: 31/35 MP: 3/9
  4370 | D:3      | Learned a level 4 spell: Summon Ice Beast
  4745 | D:3      | Found a runed door.
  4969 | D:4      | Reached XP level 6. HP: 36/41 MP: 4/10
  5106 | D:4      | Reached skill level 5 in Ice Magic
  5213 | D:4      | Noticed Eustachio
  5304 | D:4      | Reached * piety under Ashenzari
  5315 | D:5      | Entered Level 5 of the Dungeon
  5352 | D:5      | Found a bloodstained altar of Trog.
  5356 | D:5      | Found a blossoming altar of Fedhas.
  5596 | D:5      | Noticed Prince Ribbit
  5995 | D:5      | Killed Prince Ribbit
  5995 | D:5      | Gained mutation: You are immune to rotting. [demonic ancestry]
  5995 | D:5      | Reached XP level 7. HP: 9/46 MP: 8/13
  6542 | D:5      | Reached skill level 6 in Ice Magic
  6561 | D:5      | Learned a level 4 spell: Throw Icicle
  6906 | D:5      | Found a sparkling altar of Nemelex Xobeh.
  7599 | D:6      | Reached XP level 8. HP: 28/52 MP: 9/14
  7958 | D:6      | Reached skill level 7 in Ice Magic
  8101 | D:6      | Noticed RoseArtemis's ghost (novice MiFi)
  8234 | D:4      | Killed Eustachio
  8234 | D:4      | Reached skill level 5 in Spellcasting
  8481 | D:4      | Found a shadowy altar of Dithmenos.
  8508 | D:4      | Reached skill level 5 in Conjurations
  8515 | D:4      | Found a staircase to the Ecumenical Temple.
  8978 | D:3      | Noticed Crazy Yiuf
  8983 | D:3      | Killed Crazy Yiuf
 10123 | D:7      | Reached skill level 8 in Ice Magic
 10198 | D:7      | Noticed Menkaure
 10205 | D:7      | Killed Menkaure
 10205 | D:7      | Reached XP level 9. HP: 15/57 MP: 11/17
 11562 | D:7      | Reached ** piety under Ashenzari
 11711 | D:7      | Found a white marble altar of Elyvilon.
 11733 | D:7      | Noticed a two-headed ogre
 11742 | D:7      | Killed a two-headed ogre
 11742 | D:7      | Reached skill level 9 in Ice Magic
 12013 | D:7      | Reached skill level 1 in Fighting
 13228 | D:9      | Found a snail-covered altar of Cheibriados.
 13346 | D:9      | Gained mutation: You may emit foul miasma when damaged in melee. [demonic ancestry]
 13346 | D:9      | Reached XP level 10. HP: 68/68 MP: 20/20
 13404 | D:9      | Found a staircase to the Lair.
 13609 | D:9      | Found a hazy altar of Hepliaklqana.
 14135 | D:9      | Found Zicosh's Magic Scroll Shop.
 14516 | D:9      | Found a basalt altar of Yredelemnul.
 14659 | D:9      | Found a burning altar of Makhleb.
 14756 | D:10     | Entered Level 10 of the Dungeon
 15438 | D:11     | Noticed a two-headed ogre
 15457 | D:11     | Killed a two-headed ogre
 15457 | D:11     | Reached skill level 10 in Ice Magic
 15722 | D:11     | Found a blossoming altar of Fedhas.
 15725 | D:11     | Reached *** piety under Ashenzari
 15938 | D:11     | Noticed an unseen horror
 15949 | D:11     | Killed an unseen horror
 16030 | D:11     | Noticed a red ugly thing
 16039 | D:11     | Killed a red ugly thing
 16039 | D:11     | Reached skill level 5 in Fighting
 16216 | D:11     | Noticed a gargoyle
 16218 | D:11     | Gained mutation: You are slightly more attuned to the shadows. [demonic ancestry]
 16218 | D:11     | Reached XP level 11. HP: 79/79 MP: 6/22
 16787 | D:11     | Noticed a two-headed ogre
 16796 | D:11     | Killed a two-headed ogre
 17146 | D:11     | Noticed a red ugly thing
 17157 | D:11     | Killed a red ugly thing
 17557 | D:11     | Found a staircase to the Orcish Mines.
 18171 | Lair:1   | Entered Level 1 of the Lair of Beasts
 19746 | Lair:2   | Found a staircase to the Swamp.
 20005 | Lair:2   | Noticed a death yak
 20010 | Lair:2   | Noticed a death yak
 20011 | Lair:2   | Noticed a death yak
 20013 | Lair:2   | Noticed a death yak
 20015 | Lair:2   | Noticed a death yak
 20111 | Lair:2   | Killed a death yak
 20111 | Lair:2   | Reached skill level 1 in Summonings
 20209 | Lair:2   | Reached skill level 5 in Dodging
 20819 | Lair:3   | Found a staircase to the Snake Pit.
 20831 | Lair:3   | Reached **** piety under Ashenzari
 20959 | Lair:3   | Gained mutation: You frequently emit foul miasma when damaged in melee. [demonic ancestry]
 20959 | Lair:3   | Reached XP level 12. HP: 89/89 MP: 24/25
 21179 | Lair:3   | Noticed a five-headed hydra
 21191 | Lair:3   | Killed a five-headed hydra
 21353 | Lair:3   | Reached skill level 11 in Ice Magic
 23704 | D:6      | Killed RoseArtemis's ghost
 24264 | Lair:5   | Learned a level 5 spell: Venom Bolt
 24393 | Lair:5   | Reached skill level 1 in Shields
 24556 | Lair:5   | Reached skill level 1 in Poison Magic
 25160 | Lair:5   | Reached skill level 10 in Conjurations
 25499 | Lair:6   | Entered Level 6 of the Lair of Beasts
 25592 | Lair:6   | Found a staircase to the Slime Pits.
 25593 | Lair:6   | Found a viscous altar of Jiyva.
 25782 | Lair:6   | Noticed a seven-headed hydra
 25789 | Lair:6   | Killed a seven-headed hydra
 25869 | Lair:6   | Reached ***** piety under Ashenzari
 26315 | Lair:6   | Reached XP level 13. HP: 72/98 MP: 20/26
 27383 | Lair:6   | Noticed a dire elephant
 27439 | Lair:6   | Noticed a dire elephant
 29641 | D:12     | Noticed Nessos
 29680 | D:12     | Killed Nessos
 29680 | D:12     | Reached skill level 10 in Spellcasting
 30336 | D:13     | Got the scimitar "Ogre's Undoing" {slice, Int+4}
 30337 | D:13     | Identified the +7 scimitar "Ogre's Undoing" {slice, Int+4} (You found it on level 13 of the Dungeon)
 30497 | D:13     | Reached skill level 1 in Armour
 31252 | D:13     | Found a gate to the Vaults.
 31257 | D:13     | Reached skill level 1 in Long Blades
 31558 | D:13     | Noticed Josephine
 31563 | D:13     | Killed Josephine
 33251 | D:14     | Reached skill level 1 in Evocations
 33438 | D:15     | Entered Level 15 of the Dungeon
 33440 | D:15     | Reached skill level 12 in Ice Magic
 33516 | D:15     | Noticed Louise
 33547 | D:15     | Cast into level 3 of the Abyss (Louise)
 33589 | Abyss:3  | Found a corrupted altar of Lugonu.
 33633 | Abyss:3  | Noticed a tentacled starspawn
 33690 | Abyss:3  | Found a corrupted altar of Lugonu.
 33735 | Abyss:3  | Noticed an eidolon
 33740 | Abyss:3  | Killed an eidolon
 33759 | Abyss:3  | HP: 2/101 [rakshasa/trident (7)]
 33759 | Abyss:3  | Slain by a rakshasa (illusionary)

Vault maps used:
D:1:      scummos_arrival_gate, minmay_distorted
D:2:      evilmike_ruin_ashenzari, first_ration, minmay_misc_feat_chi,
          hangedman_glass_teeth, st_stairs_12, trog_three_pillars_becter,
          uniq_natasha
D:3:      uniq_crazy_yiuf_cottage
D:4:      lemuel_doored_altar, temple_statues, corner_web_ring, st_stairs_13,
          uniq_eustachio
D:5:      grunt_temple_overflow_open, nemelex_lonely_heart_becter,
          uniq_prince_ribbit1
D:7:      marbit_many_paths, uniq_menkaure
D:9:      lemuel_zombie_altar_yredelemnul, kennysheep_mini_moat, slow_altar_2,
          minmay_lair_entry_grove, serial_shops, shop, basic_altar, the_bakery
D:11:     zombieorc1_lemuel, fountainhead, fedhas_altar_3
D:12:     uniq_nessos
D:13:     david_vaults_5, grunt_ministairs_9, uniq_josephine
D:14:     amethyst_killhole
D:15:     gammafunk_depths_entry_grave, serial_park_tiny_pond, uniq_agnes,
          uniq_louise
Lair:1:   serial_bayou_shore_a, grunt_megastairs_2
Lair:2:   beast_lair_carwin_large_2, swamp_mist
Lair:3:   guppyfry_snake_entry_garden, grunt_megastairs_4
Lair:4:   cheibrodos_lair_lostbears
Lair:5:   wad_woods_structure_01
Lair:6:   due_jungle_book, slime_altar_1, lemuel_fruit_fields

Skill      XL: |  1  2  3  4  5  6  7  8  9 10 11 12 13 |
---------------+----------------------------------------+-----
Dodging        | 2 3 5 6 7 |  7.5
Ice Magic      | 3 4 5 6 8 9 10 11 12 | 12.0
Conjurations   | 2 3 4 5 7 8 9 10 | 10.9
Spellcasting   | 3 4 5 6 7 9 10 | 10.3
Fighting       | 2 5 6 8 9 |  9.0
Summonings     | 2 3 |  3.3
Shields        | 2 |  2.2
Poison Magic   | 2 4 |  4.4
Armour         | 2 |  2.4
Long Blades    | 2 |  2.2
Evocations     | 1 |  1.3
Stealth        | |  1.7

Action                   |  1- 3 |  4- 6 |  7- 9 | 10-12 | 13-15 || total
-------------------------+-------+-------+-------+-------+-------++-------
Melee: Club              |     4 |       |       |       |       ||     4
       Dagger            |    16 |    22 |    15 |       |       ||    53
       Headbutt          |     3 |     6 |    30 |    27 |    26 ||    92
       Hand axe          |     1 |       |       |       |       ||     1
       Trident           |       |       |    36 |       |       ||    36
       Falchion          |       |       |    50 |    86 |    53 ||   189
       Glaive            |       |       |       |     5 |       ||     5
       Scimitar          |       |       |       |       |    45 ||    45
 Cast: Freeze            |    39 |    61 |   126 |   166 |    23 ||   415
       Throw Frost       |    12 |    58 |    72 |   165 |    54 ||   361
       Ozocubu's Armour  |       |     2 |    13 |    13 |    10 ||    38
       Summon Ice Beast  |       |       |    29 |    95 |    57 ||   181
       Throw Icicle      |       |       |    31 |   184 |   113 ||   328
       Venom Bolt        |       |       |       |    19 |    74 ||    93
Invok: Curse Item        |     1 |       |     2 |     4 |     1 ||     8
Evoke: Wand              |       |       |       |     6 |       ||     6
  Use: Scroll            |     2 |     5 |     7 |     6 |     6 ||    26
       Potion            |     2 |       |     1 |     4 |     2 ||     9
 Stab: Distracted        |       |       |       |     2 |     1 ||     3
  Eat: Chunk             |     5 |    15 |    19 |    37 |    11 ||    87
       Ration            |       |       |     4 |     9 |     8 ||    21
Armor: Robe              |    10 |    23 |    86 |    59 |       ||   178
       Skin              |     8 |       |       |       |       ||     8
       Troll leather arm |       |       |       |    65 |    27 ||    92
Dodge: Dodged            |    32 |    43 |   132 |   226 |   116 ||   549
Block: Buckler           |       |       |       |    21 |    38 ||    59
       Rpst.: Falchion   |       |       |    22 |    64 |    15 ||   101
       Scimitar          |       |       |       |       |    11 ||    11

Table legend:
 A = Spawn XP
 B = Non-spawn XP
 C = Spawn XP percentage of total XP
 D = Spawn monster count
 E = Non-spawn monster count
 F = Spawn count percentage of total count
 G = Total turns spent on level
                    A         B        C        D         E        F      G
               +---------+---------+-------+---------+---------+-------+---------
         Total |    1171 |   61463 |   1.9 |       1 |     512 |   0.2 | 33759
               +---------+---------+-------+---------+---------+-------+---------
           D:1 |       0 |      46 |   0.0 |       0 |      29 |   0.0 |  1612
           D:2 |       0 |     256 |   0.0 |       0 |      34 |   0.0 |  2058
           D:3 |       0 |      67 |   0.0 |       0 |      13 |   0.0 |  1475
           D:4 |       0 |     522 |   0.0 |       0 |      23 |   0.0 |  1442
           D:5 |       0 |     862 |   0.0 |       0 |      19 |   0.0 |  2449
           D:6 |       0 |    1163 |   0.0 |       0 |      14 |   0.0 |  1914
           D:7 |       0 |    1739 |   0.0 |       0 |      33 |   0.0 |  1635
           D:8 |       0 |    1203 |   0.0 |       0 |      19 |   0.0 |  1603
           D:9 |       0 |    2395 |   0.0 |       0 |      36 |   0.0 |  1165
          D:10 |       0 |     585 |   0.0 |       0 |       5 |   0.0 |   971
          D:11 |       0 |    6598 |   0.0 |       0 |      70 |   0.0 |  2802
          D:12 |       0 |    3902 |   0.0 |       0 |      34 |   0.0 |  1548
          D:13 |       0 |   10394 |   0.0 |       0 |      45 |   0.0 |  2167
          D:14 |       0 |    4111 |   0.0 |       0 |      22 |   0.0 |  1362
          D:15 |       0 |     696 |   0.0 |       0 |       3 |   0.0 |   109
        Lair:1 |       0 |    3383 |   0.0 |       0 |      21 |   0.0 |  1537
        Lair:2 |       0 |    3644 |   0.0 |       0 |      24 |   0.0 |  1407
        Lair:3 |       0 |    4290 |   0.0 |       0 |      20 |   0.0 |  1804
        Lair:4 |       0 |    2316 |   0.0 |       0 |      10 |   0.0 |  1154
        Lair:5 |       0 |    4060 |   0.0 |       0 |      14 |   0.0 |  1528
        Lair:6 |       0 |    9197 |   0.0 |       0 |      23 |   0.0 |  1805
       Abyss:3 |    1171 |      34 |  97.2 |       1 |       1 |  50.0 |   212
               +---------+---------+-------+---------+---------+-------+---------
